 Dungeon Crawl Stone Soup version 0.22.1-2-g9c5b331 (webtiles) character file.

724 Fang the Skirmisher (level 7, -1/45 HPs)
             Began as a Gargoyle Berserker on Dec 5, 2018.
             Was a Priest of Trog.
             Killed by divine providence
             ... invoked by an orc priest
              (11 damage)
             ... on level 6 of the Dungeon.
             The game lasted 00:05:40 (4292 turns).

Fang the Skirmisher (Gargoyle Berserker)            Turns: 4292, Time: 00:05:41

Health: -1/45      AC: 18    Str: 22    XL:     7   Next: 71%
Magic:  7/7        EV:  9    Int:  8    God:    Trog [***...]
Gold:   190        SH:  0    Dex:  9    Spells: 6/6 levels left

rFire    x . .     SeeInvis .   m - +0 war axe (chop)
rCold    + . .     Gourm    .   (no shield)
rNeg     + . .     Faith    .   a - +2 chain mail
rPois    ∞         Spirit   .   (no helmet)
rElec    +         Reflect  .   (no cloak)
rCorr    .         Harm     .   (no gloves)
MR       .....                  (no boots)
Stlth    ..........             (no amulet)
HPRegen  0.15/turn              f - +2 ring of protection
MPRegen  0.10/turn              n - ring of ice

@: no status effects
A: negative energy resistance 1, electricity resistance, unbreathing,
petrification resistance, rot immunity, AC +4
a: Berserk, Trog's Hand, Renounce Religion


You were on level 6 of the Dungeon.
You worshipped Trog.
Trog was most pleased with you.
You were near starving.

You visited 1 branch of the dungeon, and saw 6 of its levels.

You collected 190 gold pieces.

Inventory:

Hand Weapons
 m - a +0 war axe of chopping (weapon)
 p - a +0 war axe
Armour
 a - a +2 chain mail (worn)
Jewellery
 f - a +2 ring of protection (left hand)
 n - a ring of ice (right hand)
Wands
 u - a wand of disintegration (19)
Scrolls
 b - a scroll of remove curse
 e - a scroll of teleportation
 g - a scroll of enchant armour
 h - 3 scrolls of fog
 l - 2 scrolls of identify
 q - a scroll of random uselessness
 r - 2 scrolls of amnesia
Potions
 d - 5 potions of curing
 i - a potion of agility
 j - 4 potions of lignification
 k - 2 potions of flight
Comestibles
 c - 11 rations


   Skills:
 + Level 5.6 Fighting
 + Level 5.6 Axes
 + Level 3.7 Armour
 + Level 2.9 Dodging
 + Level 1.7 Stealth


You had 6 spell levels left.
You didn't know any spells.
Your spell library was empty.

Dungeon Overview and Level Annotations

Branches:
Dungeon (6/15)
 Temple: D:4-7

Altars:

Shops:
D:4 ?*?*


Innate Abilities, Weirdness & Mutations

You are resistant to torment.
Your stone body is resilient. (AC +4)
You are immune to poison.
You resist negative energy. (rN+)
You are resistant to electric shocks. (rElec)
You can survive without breathing.
You are immune to petrification.
You are immune to rotting.


Message History

The orc warrior hits you with a glaive!
You hit the orc warrior.
The orc warrior is lightly wounded.
You barely miss the orc.
An orc priest comes into view. It is wielding a club.
The orc warrior hits you with a glaive!
* * * LOW HITPOINT WARNING * * *
The orc hits you but does no damage.
You're too hungry.
You closely miss the orc warrior.
The orc warrior is lightly wounded.
You hit the orc. The orc hits you but does no damage.
The orc warrior barely misses you.
Unknown command.
You barely miss the orc warrior.
The orc warrior is lightly wounded.
You closely miss the orc. The orc barely misses you.
The orc priest mumbles some strange prayers to Beogh against you.
Beogh smites you!
You die...

#.... .# #..#.#.#
..#.... .....#
#...o# #..o.
#.#.oo#####
#....@....#
########)###.#
.........###[#
##.....#.....#
.......#.....#
##.....#.....####
#...............#
########.....##.#
#####.##.#


You could see an orc warrior, an orc priest and 2 orcs.

Vanquished Creatures
  A sky beast (D:4)
  An ogre (D:2)
  A necrophage (D:6)
  An orc priest (D:5)
  A bullfrog skeleton (D:4)
  An iguana (D:4)
  3 orc wizards
  3 worker ants
  4 gnolls (D:2)
  7 adders
  An ooze (D:4)
  6 worms
  2 dart slugs (D:1)
  13 orcs
  9 bats
  6 giant cockroaches
  8 goblins
  4 hobgoblins
  3 jackals (D:5)
  A quokka (D:4)
  A ball python (D:4)
  4 frilled lizards
  A jackal skeleton (D:4)
  11 kobolds
  A leopard gecko skeleton (D:5)
  4 rats
98 creatures vanquished.

Notes
Turn   | Place    | Note
-------+----------+-------------------------------------------
     0 | D:1      | Fang the Gargoyle Berserker began the quest for the Orb.
     0 | D:1      | Reached XP level 1. HP: 14/14 MP: 1/1
    10 | D:1      | Noticed an ogre
   208 | D:1      | Reached XP level 2. HP: 18/19 MP: 2/2
   912 | D:2      | Reached XP level 3. HP: 23/24 MP: 3/3
   919 | D:2      | Reached ** piety under Trog
  1245 | D:2      | Noticed an ogre
  1254 | D:2      | Killed an ogre
  1254 | D:2      | Reached skill level 1 in Stealth
  1254 | D:2      | Reached XP level 4. HP: 29/29 MP: 4/4
  1254 | D:2      | Reached XP level 5. HP: 33/33 MP: 5/5
  2381 | D:3      | Reached XP level 6. HP: 17/39 MP: 6/6
  2758 | D:4      | Noticed a sky beast
  2773 | D:4      | Killed a sky beast
  2797 | D:4      | Reached *** piety under Trog
  2801 | D:4      | Found Zaickual's Assorted Antiques.
  2878 | D:4      | Reached skill level 5 in Fighting
  2896 | D:4      | Found Amin's Assorted Antiques.
  2898 | D:4      | Found Vaha's Magic Scroll Shoppe.
  3035 | D:4      | Reached skill level 5 in Axes
  3076 | D:4      | Reached XP level 7. HP: 44/44 MP: 7/7
  3239 | D:4      | Found Yjenewk's Magic Scroll Boutique.
  3365 | D:5      | Entered Level 5 of the Dungeon
  4292 | D:6      | Killed from afar by an orc priest

Skill      XL: |  1  2  3  4  5  6 |
---------------+-------------------+-----
Dodging        | 2 |  2.9
Axes           | 3 4 5 |  5.6
Fighting       | 4 5 |  5.6
Stealth        | 1 |  1.7
Armour         | 3 |  3.7

Action                   |  1- 3 |  4- 6 |  7- 9 || total
-------------------------+-------+-------+-------++-------
Melee: Hand axe          |    76 |       |       ||    76
       War axe           |     8 |   144 |    72 ||   224
Invok: Berserk           |     2 |       |       ||     2
  Use: Scroll            |       |       |    13 ||    13
 Stab: Sleeping          |     1 |       |       ||     1
  Eat: Chunk             |     2 |     7 |     2 ||    11
Armor: Animal skin       |    30 |    17 |       ||    47
       Ring mail         |       |    71 |    43 ||   114
       Chain mail        |       |       |     2 ||     2
Dodge: Dodged            |    68 |   103 |    36 ||   207
